 Dungeon Crawl Stone Soup version 0.31.0-12-g77e489cdc1 (webtiles) character file.

Game seed: 9625889868204548254

615 PaiMei the Grave Robber (level 7, -3/48 (52) HPs)
             Began as a Demonspawn Necromancer on Feb 12, 2024.
             Slain by a wight
             ... wielding a +11 dagger
              (5 damage)
             ... on level 4 of the Dungeon on Feb 13, 2024.
             The game lasted 00:07:33 (5453 turns).

PaiMei the Grave Robber (Demonspawn Necromancer)    Turns: 5453, Time: 00:07:34

HP:   -3/48 (52)    AC:  7    Str:  8    XL:     7   Next: 21%
MP:   13/13         EV: 14    Int: 17    God:
Gold: 162           SH:  0    Dex: 20    Spells: 10/14 levels left

rFire   . . .        w - +6 scythe (heavy)
rCold   . . .        (shield currently unavailable)
rNeg    . . .        a - +0 robe
rPois   .            (no helmet)
rElec   .            (no cloak)
rCorr   .            j - +0 pair of gloves
SInv    .            (no boots)
Will    .....        (no amulet)
Stlth   ++           t - +4 ring of protection
HPRegen 0.28/turn    n - +6 ring of dexterity
MPRegen 0.13/turn

%: no passive effects
@: drained
A: powered by pain 1, demonic touch 2
a: no special abilities


You were on level 4 of the Dungeon.
You visited 1 branch of the dungeon, and saw 5 of its levels.

You collected 195 gold pieces.
You spent 33 gold pieces at shops.

Inventory:

Hand Weapons
 h - a +0 rapier
 u - a +1 dagger of freezing
 w - a +6 heavy scythe (weapon)
Missiles
 d - 5 poisoned darts (quivered)
 m - 5 curare-tipped darts
 s - a throwing net
 x - 2 silver javelins
Armour
 a - a +0 robe (worn)
 j - a +0 pair of gloves (worn)
Jewellery
 i - a ring of wizardry
 n - a +6 ring of dexterity (right hand)
 t - a +4 ring of protection (left hand)
Scrolls
 c - 8 scrolls of identify {unknown}
 e - a scroll of fog {unknown}
 f - 2 scrolls of immolation {unknown}
 l - a scroll of poison {unknown}
 p - 2 scrolls of teleportation {unknown}
 v - a scroll of revelation {unknown}
Potions
 b - a potion of magic
 g - 4 potions of curing
 k - a potion of invisibility {unknown}
 o - a potion of attraction {unknown}
 q - 2 potions of lignification {unknown}
 r - 2 potions of ambrosia {unknown}


   Skills:
 + Level 3.4 Fighting
 + Level 3.8 Dodging
 - Level 2.0 Stealth
 + Level 4.0 Spellcasting
 + Level 6.1 Necromancy


You had 10 spell levels left.
You knew the following spells:

 Your Spells              Type           Power      Damage    Failure   Level
a - Necrotise             Necr           96%        1d8       1%          1
b - Vampiric Draining     Necr           24%        2d7       3%          3

Your spell library contained the following spells:

 Spells                   Type           Power      Damage    Failure   Level
 Animate Dead             Necr           24%        N/A       12%         4
 Magic Dart               Conj           12%        1d3       16%         1
 Blink                    Tloc           6%         N/A       24%         2
 Call Imp                 Summ           6%         N/A       24%         2
 Curse of Agony           Necr           24%        N/A       34%         5


Dungeon Overview and Level Annotations

Branches:
Dungeon (5/15)
 Temple: D:4-7

Altars:
Ashenzari
Xom

Shops:
D:2 !

Annotations:
D:2 Terence
D:3 Grinder


Innate Abilities, Weirdness & Mutations

You sometimes gain a little power by taking damage.
Your touch may inflict irresistible damage on your foes.


Message History

You are very lightly contaminated with residual magic.
Nothing appears to happen.
Casting: Necrotise (safe; 1% risk of failure)
Confirm with . or Enter, or press ? or * to list all spells.
Aiming: Necrotise (safe; 1% risk of failure)
Press: ? - help, Shift-Dir - straight line, f/p - orc
Aim: an orc, wielding a +0 hand axe (severely wounded, chance to affect: 92%)
The orc writhes in agony.
You kill the orc!
The dead are walking!
Your life force feels restored.
The orc wizard hits your orc skeleton with a +1 dagger of venom.
Your magical contamination has completely faded away.
Casting: Necrotise (safe; 1% risk of failure)
Confirm with . or Enter, or press ? or * to list all spells.
You can't see any susceptible monsters within range! (Use Z to cast anyway.)
The orc wizard gestures at you while chanting.
The puff of flame hits your orc skeleton!
Your orc skeleton is destroyed!
There is a stone staircase leading up here.
The wight closely misses you.
You climb upwards.
There is a stone staircase leading down here.
You barely miss the wight. The wight hits you with a +11 dagger!
The wight hits you with a +11 dagger.
You feel drained. The wight hits you with a +11 dagger!
You barely miss the wight. The wight hits you with a +11 dagger.
The wight closely misses you.
You puncture the wight!
The wight is almost destroyed.
The wight hits you with a +11 dagger.
You feel drained. The wight hits you with a +11 dagger.
You hit the wight.
The wight is almost destroyed.
The wight hits you with a +11 dagger!
* * * LOW HITPOINT WARNING * * *
You feel drained.
* * * LOW HITPOINT WARNING * * *
The wight hits you with a +11 dagger.
You die...

#### #........#
##..#...## ###
##.##### #
####.####.## ##
##......##..# .#
#...........## ##
##...........## #
#............## #
#.........@...#
#........z....##
#..............#
##...>.........##
#..............#
#..............#
##..[..........#
###.............##
######...............#


You could see a wight.

Vanquished Creatures
  Sigmund (D:4)
  A phantom (D:4)
  A wight (D:5)
  A jelly (D:4)
  3 hounds
  Natasha (thrice) (D:3)
  6 adders
  A ribbon worm (D:2)
  2 dart slugs
  6 orcs
  8 endoplasms
  6 giant cockroaches
  4 goblins
  6 hobgoblins
  2 jackals (D:3)
  3 kobolds
  3 quokkas
  7 ball pythons
  A bat (D:2)
  6 frilled lizards
  4 rats
75 creatures vanquished.

Vanquished Creatures (collateral kills)
  2 ball pythons
  An endoplasm (D:1)
  A hobgoblin (D:1)
4 creatures vanquished.

Vanquished Creatures (others)
  2 endoplasms (D:4)
2 creatures vanquished.

Grand Total: 81 creatures vanquished

Notes
Turn   | Place    | Note
-------+----------+-------------------------------------------
     0 | D:1      | PaiMei the Demonspawn Necromancer began the quest for the
                  | Orb.
     0 | D:1      | Reached XP level 1. HP: 13/13 MP: 3/3
   264 | D:1      | Gained mutation: Your touch may inflict minor irresistible
                  | damage on your foes. [demonic ancestry]
   264 | D:1      | Reached XP level 2. HP: 19/19 MP: 0/5
  1053 | D:2      | Reached XP level 3. HP: 25/25 MP: 4/6
  1057 | D:2      | Learned a level 3 spell: Vampiric Draining
  1224 | D:2      | Found Pesh's Distillery.
  1230 | D:2      | Bought a potion of curing for 33 gold pieces
  1367 | D:2      | Reached skill level 1 in Fighting
  1443 | D:2      | Noticed Terence
  2320 | D:3      | Gained mutation: Your touch may inflict irresistible damage
                  | on your foes. [demonic ancestry]
  2320 | D:3      | Reached XP level 4. HP: 32/32 MP: 5/7
  2523 | D:3      | Noticed Natasha
  2528 | D:3      | Killed Natasha
  2529 | D:3      | Reached skill level 5 in Necromancy
  2663 | D:3      | Noticed Grinder
  2686 | D:3      | Paralysed by Grinder for 2 turns
  2691 | D:3      | Noticed Natasha
  3001 | D:3      | Killed Natasha
  3002 | D:3      | Reached XP level 5. HP: 36/38 MP: 4/9
  3006 | D:3      | Noticed Natasha
  3019 | D:3      | Killed Natasha
  3470 | D:4      | Noticed Sigmund
  3627 | D:4      | Noticed a steam dragon
  3944 | D:4      | Reached XP level 6. HP: 37/46 MP: 4/11
  4169 | D:4      | Found a shimmering altar of Xom.
  4169 | D:4      | Found a broken altar of Ashenzari.
  4607 | D:4      | Killed Sigmund
  4761 | D:4      | Reached skill level 6 in Necromancy
  4761 | D:4      | Gained mutation: You sometimes gain a little power by
                  | taking damage. [demonic ancestry]
  4761 | D:4      | Reached XP level 7. HP: 52/52 MP: 12/12
  4819 | D:5      | Entered Level 5 of the Dungeon
  5453 | D:4      | HP: 2/48 [wight/+11 dagger (4)]
  5453 | D:4      | Slain by a wight

Illustrated notes

Levels and vault maps discovered:
D:1:      minmay_arrival_hallway, layout_basic, minmay_cupped
D:2:      layout_basic, serial_shops, nicolae_shop_rolling_square,
          grunt_ministairs_1, uniq_terence
D:3:      layout_basic, uniq_grinder, uniq_natasha
D:4:      layout_cave_pods, gammafunk_temple_overflow_wave, uniq_sigmund
D:5:      layout_layer_cave, corexii_checkpoint, minmay_misc_feat_alley

Skill      XL: |  1  2  3  4  5  6  7 |
---------------+----------------------+-----
Stealth        | 2 |  2.0
Dodging        | 2 3 |  3.8
Fighting       | 1 2 3 |  3.4
Necromancy     | 5 6 |  6.1
Spellcasting   | 3 4 |  4.0

Action                     |  1- 3 |  4- 6 |  7- 9 || total
---------------------------+-------+-------+-------++-------
  Melee: Unarmed           |    24 |       |       ||    24
         Rapier            |    12 |     7 |       ||    19
         Touch             |     1 |     2 |       ||     3
         Dagger            |       |     5 |       ||     5
         Halberd           |       |     3 |    12 ||    15
   Cast: Necrotise         |    88 |    68 |    12 ||   168
         Vampiric Draining |       |     1 |       ||     1
 Armour: Robe              |    37 |    35 |    19 ||    91
  Dodge: Dodged            |    31 |    23 |    14 ||    68
